 Dungeon Crawl Stone Soup version 0.30-a0-462-gd5975efbca (webtiles) character file.

Game seed: 8525483930030823078

82281 freelancePsychic the Scorcher (level 15, -2/101 HPs)
             Began as a Tengu Ice Elementalist on Dec 16, 2022.
             Was a High Priest of Vehumet.
             Slain by a vampire knight
             ... wielding a +0 battleaxe
              (8 damage)
             ... on level 15 of the Dungeon.
             The game lasted 00:53:03 (23150 turns).

freelancePsychic the Scorcher (TeIE)               Turns: 23150, Time: 00:53:03

Health: -2/101     AC: 14    Str:  9    XL:     15   Next: 73%
Magic:  25/25      EV: 20    Int: 28    God:    Vehumet [*****.]
Gold:   148        SH:  7    Dex: 15    Spells: 10/27 levels left

rFire   + . .      SeeInvis .    c - +8 spear (venom)
rCold   + . .      Faith    .    G - +2 buckler {rPois}
rNeg    . . .      Spirit   .    s - +0 troll leather armour
rPois   +          Reflect  .    E - +1 hat {Will+}
rElec   .          Harm     .    o - +0 cloak
rCorr   .          Rampage  .    a - +0 pair of gloves
Will    +++..                    (boots unavailable)
Stlth   ++........               Q - amulet of Fiazismy {RegenMP rPois}
HPRegen 1.16/turn                I - +4 ring of protection
MPRegen 0.59/turn                L - ring of Qugyith {rPois rF+ rC+ Will+ Int+6}

@: flying quickly and evasively, studying Armour, quick
A: beak, talons 3, nimble flight
a: Renounce Religion


You were on level 15 of the Dungeon.
You worshipped Vehumet.
Vehumet was extremely pleased with you.
You visited 3 branches of the dungeon, and saw 21 of its levels.
You also visited: Ossuary and Gauntlet.

You collected 1383 gold pieces.
You spent 1235 gold pieces at shops.

Inventory:

Hand Weapons
 c - a +8 spear of venom (weapon)
 S - a +0 demon trident of electrocution
Missiles
 q - 3 throwing nets
Armour
 a - a +0 pair of gloves (worn)
 o - a +0 cloak (worn)
 s - a +0 troll leather armour (worn)
 E - a +1 hat of willpower (worn)
 G - a +2 buckler of poison resistance (worn)
 T - the +2 pearl dragon scales of Perfidy {rF+ rN+}
   (You found it in a Gauntlet)

   rF:        It protects you from fire.
   rN:        It protects you from negative energy.
Magical Staves
 Z - a staff of cold
Jewellery
 d - a ring of willpower
 i - a +6 ring of intelligence
 p - an amulet of magic regeneration
 I - a +4 ring of protection (left hand)
 L - the ring of Qugyith (right hand) {rPois rF+ rC+ Will+ Int+6}
   (You bought it in a shop on level 14 of the Dungeon)

   [ring of intelligence]

   Int:       It affects your intelligence (+6).
   rF:        It protects you from fire.
   rC:        It protects you from cold.
   rPois:     It protects you from poison.
   Will:      It increases your willpower.
 O - an amulet of the acrobat
 Q - the amulet of Fiazismy (around neck) {RegenMP rPois}
   (You found it in a Gauntlet)

   [amulet of magic regeneration]

   It increases your rate of magic regeneration.
   rPois:     It protects you from poison.
 X - a +6 ring of dexterity
Wands
 e - a wand of digging (9)
 m - a wand of flame (27)
 x - a wand of polymorph (6)
 y - a wand of iceblast (43)
 K - a wand of light (9)
 U - a wand of charming (16)
Scrolls
 h - a scroll of immolation
 k - 12 scrolls of teleportation {@r4}
 l - 4 scrolls of amnesia
 n - a scroll of butterflies
 F - a scroll of torment
 H - a scroll of fear
 J - a scroll of silence
 P - a scroll of magic mapping
 R - 2 scrolls of fog
 V - 2 scrolls of blinking
 Y - a scroll of poison
Potions
 f - 2 potions of brilliance
 j - 6 potions of haste {@q3}
 r - 3 potions of berserk rage
 t - a potion of cancellation
 u - 2 potions of heal wounds {@q2}
 v - 3 potions of lignification
 w - 6 potions of attraction
 z - 4 potions of resistance
 A - 2 potions of degeneration
 B - 2 potions of flight
 C - 4 potions of mutation
 D - 2 potions of might
 M - 10 potions of curing {@q1}
 N - 5 potions of invisibility
 W - 4 potions of ambrosia
Miscellaneous
 g - a phantom mirror


   Skills:
 + Level 14.6 Fighting
 * Level 13.4 Armour
 - Level 12.0 Dodging
 - Level 2.0 Stealth
 - Level 5.0 Shields
 - Level 6.5 Spellcasting
 - Level 10.9 Conjurations
 - Level 1.0 Summonings
 * Level 16.1 Fire Magic
 - Level 4.8 Ice Magic


You had 10 spell levels left.
You knew the following spells:

 Your Spells              Type           Power      Damage    Failure   Level
a - Freeze                Ice            100%       1d10      1%          1
b - Frozen Ramparts       Ice            72%        1d11      1%          3
c - Ozocubu's Armour      Ice            36%        N/A       3%          3
d - Sticky Flame          Conj/Fire      71%        2d8       1%          4
e - Starburst             Conj/Fire      35%        6d10      1%          6

Your spell library contained the following spells:

 Spells                   Type           Power      Damage    Failure   Level
 Eringya's Noxious Bog    Tmut/Pois      4%         N/A       96%         6
 Foxfire                  Conj/Fire      100%       2x1d9     1%          1
 Dazzling Flash           Conj/Hex       78%        N/A       1%          3
 Mephitic Cloud           Conj/Pois/Air  29%        N/A       1%          3
 Fireball                 Conj/Fire      35%        3d15      1%          5
 Poisonous Vapours        Pois/Air       18%        N/A       4%          2
 Slow                     Hex            36%        N/A       10%         1
 Sting                    Tmut/Pois      36%        1d4       10%         1
 Cigotuvi's Dreadful Rot  Necr/Pois/Air  18%        N/A       14%         2
 Ignition                 Fire           39%        3d12      21%         8
 Olgreb's Toxic Radiance  Pois           9%         N/A       24%         4
 Summon Ice Beast         Ice/Summ       25%        N/A       26%         4
 Confusing Touch          Hex            9%         N/A       28%         3
 Gell's Gravitas          Tloc           9%         N/A       28%         3
 Lesser Beckoning         Tloc           18%        N/A       28%         3
 Spider Form              Tmut/Pois      9%         N/A       28%         3
 Teleport Other           Tloc           9%         N/A       28%         3
 Vampiric Draining        Necr           9%         2d6       28%         3
 Ice Form                 Ice/Tmut       22%        N/A       34%         4
 Cause Fear               Hex            4%         N/A       67%         4
 Ozocubu's Refrigeration  Ice            18%        4d11      92%         7
 Agony                    Necr           9%         N/A       95%         5
 Silence                  Hex/Air        4%         N/A       95%         5
 Dragon Form              Tmut           4%         N/A       100%        7
 Necromutation            Tmut/Necr      4%         N/A       100%        8
 Dragon's Call            Summ           7%         N/A       100%        9


Dungeon Overview and Level Annotations

Branches:
Dungeon (15/15)            Temple (1/1) D:4            Lair (5/5) D:9
 Shoals (0/4) Lair:2        Snake (0/4) Lair:2        Slime (0/5) Lair:4
    Orc (0/2) D:9          Vaults (0/5) D:13         Depths (0/4) D:15
Ossuary (visited)         Gauntlet (visited)

Altars:
Ashenzari
Cheibriados
Dithmenos
Elyvilon
Fedhas
Gozag
Hepliaklqana
Kikubaaqudgha
Makhleb
Nemelex Xobeh
Okawaru
Qazlal
Ru
Sif Muna
Trog
Uskayaw
Vehumet
Wu Jian
Xom
Yredelemnul
Zin
The Shining One

Shops:
D:1 [   D:9 [   D:14 =

Annotations:
D:4 1 runed translucent door, Crazy Yiuf
D:9 exclusion: two-headed ogre
D:11 2 transporters, exclusion: oklob plant, Dramamine's ghost, journeyman GnWn


Innate Abilities, Weirdness & Mutations

You have a beak for a mouth.
You have claws for feet.
Your magical nature lets you fly swiftly and evasively.


Message History

Unknown command.
Unknown command.
The frozen ramparts melt away as you move.
You hear some strange, mumbled words.
The ogre mage mumbles some strange words.
The ogre mage flickers and vanishes!
The phantasmal warrior gestures at you.
The phantasmal warrior blinks!
The deep troll earth mage casts a spell next to you.
The wall shatters!
The blast of rock fragments hits you. The phantasmal warrior gestures at you.
The phantasmal warrior blinks!
Casting: Starburst (dangerous; 1% risk of failure)
Confirm with . or Enter, or press ? or * to list all spells.
Casting: Starburst (dangerous; 1% risk of failure)
Press: ? - help, Dir - look around, f - activate The bolt of fire hits the deep troll earth mage!!
The deep troll earth mage is severely wounded.
The bolt of fire hits the phantasmal warrior!!
The phantasmal warrior is severely damaged.
Something hits you!! Something bites you but does no damage.
You hear some strange, mumbled words.
Something tries to affect you, but you resist.
A two-headed ogre comes into view.
It is wielding a +0 giant club and a +0 giant spiked club.
The deep troll earth mage points at the rock wall and mumbles some strange words.
Some rock shatters into small pieces.
You block the phantasmal warrior's attack.
Magic courses through your body. Something hits you!!
* * * LOW HITPOINT WARNING * * *
Something barely misses you.
The phantasmal warrior barely misses you.
Blink to where?
Press: ? - help, Dir - move target
As you read the scroll of blinking, it crumbles to dust.
You hear a grinding noise.
You hear some strange, mumbled words.
Something hits you!
* * * LOW HITPOINT WARNING * * *
Something bites you!
You die...

####################
.........(.))†).....
#.#...^....#########
#.#........#
#.#####.#........#########
#........@................
#######§#........#########
##.......#........#
.........#........#
.#.....W###########
######....########
##.≈)..≈.#..#
##.).#......#
#W#.####.####


There were no monsters in sight!

Vanquished Creatures
  A dire elephant (D:15)
  3 catoblepae (Lair:5)
  An ogre mage (D:15)
  4 hydras
  Erica (Lair:1)
  8 centaur warriors
  A boulder beetle (Lair:5)
  8 two-headed ogres
  15 death yaks
  3 tengu warriors (D:14)
  A soul eater (Gauntlet)
  4 skeletal warriors (D:15)
  A sixfirhy (Gauntlet)
  Lodul (D:10)
  Pikel (D:4)
  5 ugly things
  2 deep elf pyromancers
  A necromancer (D:13)
  A phantasmal warrior (D:15)
  An orc knight (D:15)
  2 cyclopes
  A wolf spider (D:15)
  6 manticores
  5 elephants (Lair:5)
  4 black mambas
  2 torpor snails (Lair:3)
  A naga mage (D:15)
  2 gargoyles (D:12)
  9 cane toads
  3 unseen horrors
  A rime drake (Lair:5)
  11 komodo dragons
  A yaktaur (D:15)
  2 efreet
  A kobold demonologist (D:11)
  A tengu conjurer (D:14)
  3 trolls
  A queen bee (Lair:3)
  A polar bear (Lair:5)
  A wind drake (Lair:2)
  13 blink frogs
  A hornet (D:11)
  15 slime creatures
  6 dream sheep (Lair:4)
  3 shadows
  2 vampires
  56 yaks
  3 wraiths
  3 wyverns
  6 basilisks
  2 steam dragons
  6 vampire mosquitoes
  2 wargs (D:6)
  Edmund (D:5)
  Duvessa (D:6)
  14 water moccasins
  8 orc warriors
  3 ice beasts (D:6)
  17 ogres
  A black bear (Lair:2)
  5 wolves (Lair:3)
  10 centaurs
  7 boggarts
  3 kobold brigands (D:6)
  A phantom (D:5)
  An elf zombie (D:5)
  Blork the orc (D:5)
  11 bullfrogs
  3 gnoll sergeants
  4 necrophages
  3 water moccasin zombies (Ossuary)
  3 elf skeletons (D:5)
  4 scorpions
  8 wights
  Dowan (D:6)
  30 killer bees
  10 howler monkeys
  3 electric eels
  8 hounds
  14 orc priests
  4 gnoll boudas
  5 jellies
  An iguana (D:5)
  10 orc wizards
  A boggart simulacrum (D:14)
  2 mummies (Ossuary)
  Robin (D:4)
  15 gnolls
  5 adders
  4 shadow imps (Gauntlet)
  2 white imps
  3 ufetubi
  5 adder zombies (Ossuary)
  2 worms (D:2)
  2 dart slugs
  37 orcs
  3 bats
  5 endoplasms
  2 giant cockroaches
  5 gnoll zombies (Ossuary)
  11 goblins
  11 hobgoblins
  8 jackals
  9 kobolds
  3 quokkas
  3 ball pythons (D:1)
  2 frilled lizards (D:1)
  6 hobgoblin zombies (Ossuary)
  6 kobold zombies (Ossuary)
  5 orc zombies
  3 rats
  A butterfly (Lair:3)
596 creatures vanquished.

Vanquished Creatures (others)
  A centaur warrior (D:13)
  33 demonic plants (Gauntlet)
  24 fungi
  36 plants
94 creatures vanquished.

Grand Total: 690 creatures vanquished

Notes
Turn   | Place    | Note
-------+----------+-------------------------------------------
     0 | D:1      | freelancePsychic the Tengu Ice Elementalist began the quest
                  | for the Orb.
     0 | D:1      | Reached XP level 1. HP: 10/10 MP: 4/4
   151 | D:1      | Reached XP level 2. HP: 15/16 MP: 4/6
   551 | D:1      | Found Beacvon's Armour Shoppe.
   557 | D:1      | Reached skill level 1 in Fighting
   625 | D:1      | Reached XP level 3. HP: 20/20 MP: 5/7
   971 | D:1      | Learned a level 3 spell: Frozen Ramparts
  1336 | D:2      | Found a faded altar of an unknown god.
  1355 | D:2      | Reached XP level 4. HP: 18/25 MP: 1/8
  1880 | D:1      | Bought a +0 cloak for 54 gold pieces
  2247 | D:3      | Learned a level 3 spell: Ozocubu's Armour
  2535 | D:3      | Reached skill level 1 in Summonings
  2535 | D:3      | Gained mutation: Your magical nature lets you fly swiftly
                  | and evasively. [Tengu growth]
  2535 | D:3      | Reached XP level 5. HP: 28/30 MP: 2/9
  2933 | D:4      | Found a staircase to the Ecumenical Temple.
  2950 | Temple   | Entered the Ecumenical Temple
  3086 | Temple   | Became a worshipper of Vehumet
  3203 | D:4      | Noticed a lemure
  3203 | D:4      | Noticed a lemure
  3203 | D:4      | Noticed Pikel
  3216 | D:5      | Entered Level 5 of the Dungeon
  3265 | D:5      | Noticed an ogre
  3282 | D:5      | Noticed a water moccasin
  3294 | D:5      | Killed a water moccasin
  3295 | D:5      | Reached XP level 6. HP: 31/36 MP: 0/11
  3549 | D:5      | Reached XP level 7. HP: 35/41 MP: 13/13
  3554 | D:5      | Found a sand-covered staircase.
  3566 | Ossuary  | Entered an ossuary
  3633 | Ossuary  | Reached skill level 5 in Dodging
  3646 | Ossuary  | Reached * piety under Vehumet
  3646 | Ossuary  | Offered knowledge of Foxfire by Vehumet.
  3920 | D:5      | Reached XP level 8. HP: 39/48 MP: 15/15
  4145 | D:5      | Noticed Blork the orc
  4166 | D:5      | Killed Blork the orc
  4749 | D:5      | Reached ** piety under Vehumet
  5084 | D:6      | Noticed Edmund
  5115 | D:5      | Offered knowledge of Shock by Vehumet.
  5145 | D:6      | Found an opulent altar of Gozag.
  5255 | D:6      | Reached skill level 5 in Fighting
  5303 | D:6      | Reached skill level 5 in Spellcasting
  5578 | D:6      | Reached XP level 9. HP: 51/54 MP: 12/17
  5698 | D:6      | Noticed a cyclops
  5722 | D:6      | Noticed Dowan
  5775 | D:6      | Noticed Duvessa
  5786 | D:6      | Killed Duvessa
  6057 | D:4      | Killed Pikel
  6058 | D:4      | Reached skill level 10 in Dodging
  6153 | D:4      | Reached skill level 1 in Conjurations
  6181 | D:4      | Noticed Robin
  6190 | D:4      | Offered knowledge of Static Discharge by Vehumet.
  6194 | D:4      | Killed Robin
  6311 | D:4      | Found a runed translucent door.
  6312 | D:4      | Noticed Crazy Yiuf
  6410 | D:4      | Found a blossoming altar of Fedhas.
  6412 | D:4      | Found an ancient bone altar of Kikubaaqudgha.
  6854 | D:5      | Killed Edmund
  7293 | D:6      | Killed Dowan
  7305 | D:6      | Reached *** piety under Vehumet
  7306 | D:6      | Reached XP level 10. HP: 45/63 MP: 18/18
  7498 | D:6      | Found a shimmering blue altar of Sif Muna.
  7542 | D:6      | Reached skill level 5 in Conjurations
  8115 | D:6      | Offered knowledge of Stone Arrow by Vehumet.
  8121 | D:6      | Reached skill level 1 in Shields
  9177 | D:6      | Killed a cyclops
  9302 | D:6      | Reached skill level 5 in Shields
  9447 | D:7      | Reached **** piety under Vehumet
  9679 | D:7      | Offered knowledge of Sticky Flame by Vehumet.
  9773 | D:7      | Learned a level 4 spell: Sticky Flame
 10186 | D:8      | Reached skill level 1 in Fire Magic
 10186 | D:8      | Reached XP level 11. HP: 68/72 MP: 19/19
 10197 | D:8      | Found a sparkling altar of Nemelex Xobeh.
 10390 | D:8      | Reached skill level 2 in Fire Magic
 10464 | D:8      | Reached skill level 10 in Fighting
 10623 | D:8      | Reached skill level 3 in Fire Magic
 10640 | D:8      | Found a bloodstained altar of Trog.
 10641 | D:8      | Found a white marble altar of Elyvilon.
 11161 | D:9      | Found Ziudeoch's Antique Armour Shop.
 11169 | D:9      | Bought a runed scarf for 152 gold pieces
 11170 | D:9      | Bought a runed hat for 133 gold pieces
 11175 | D:9      | Bought a dyed leather armour for 95 gold pieces
 11218 | D:9      | Noticed a two-headed ogre
 11224 | D:9      | Found a staircase to the Orcish Mines.
 11240 | D:9      | Found a staircase to the Lair.
 11324 | D:9      | Reached skill level 1 in Armour
 11438 | D:9      | Noticed a centaur warrior
 11475 | D:9      | Reached ***** piety under Vehumet
 11548 | D:9      | Offered knowledge of Iskenderun's Battlesphere by Vehumet.
 11549 | D:9      | Reached skill level 4 in Fire Magic
 11558 | D:9      | Killed a centaur warrior
 11822 | D:9      | Noticed a centaur warrior
 11919 | D:9      | Killed a centaur warrior
 11920 | D:9      | Reached skill level 5 in Fire Magic
 12233 | D:10     | Entered Level 10 of the Dungeon
 12459 | D:10     | Reached skill level 6 in Fire Magic
 12462 | D:10     | Noticed Lodul
 12517 | D:10     | Killed Lodul
 12936 | D:10     | Found a glowing golden altar of the Shining One.
 13394 | D:10     | Reached skill level 7 in Fire Magic
 13403 | D:10     | Reached XP level 12. HP: 73/80 MP: 7/20
 13772 | D:11     | Found a transporter.
 13778 | D:11     | Found a transporter.
 13809 | D:11     | Noticed an entropy weaver
 13814 | D:11     | an entropy weaver changed into a spriggan
 13821 | D:11     | Noticed Dramamine's ghost (journeyman GnWn)
 14155 | D:11     | Reached skill level 8 in Fire Magic
 14277 | D:11     | Identified the ring of Dawn {rCorr Str+2 Dex+6}
 14278 | D:11     | You are sucked into a shaft and drop 3 floors!
 14287 | D:14     | Noticed a tengu warrior
 14299 | D:14     | Noticed a tengu warrior
 14308 | D:14     | Killed a tengu warrior
 14477 | D:13     | Noticed a two-headed ogre
 14478 | D:13     | Noticed a seven-headed hydra
 14500 | D:13     | Killed a two-headed ogre
 14501 | D:13     | Reached skill level 9 in Fire Magic
 14503 | D:13     | Killed a seven-headed hydra
 14572 | D:13     | Found a gate to the Vaults.
 14572 | D:13     | Noticed a two-headed ogre
 14588 | D:13     | Noticed a centaur warrior
 14599 | D:13     | Killed a centaur warrior
 14795 | D:13     | Noticed a centaur warrior
 14806 | D:13     | Noticed a centaur warrior
 14806 | D:13     | Killed a centaur warrior
 14809 | D:13     | Noticed a centaur warrior
 14818 | D:13     | Killed a centaur warrior
 14819 | D:13     | Reached skill level 10 in Fire Magic
 14819 | D:13     | Noticed a four-headed hydra
 14826 | D:13     | Killed a centaur warrior
 14836 | D:13     | Killed a four-headed hydra
 14907 | D:12     | Noticed a two-headed ogre
 15076 | D:11     | Reached XP level 13. HP: 39/87 MP: 17/21
 15394 | Lair:1   | Entered Level 1 of the Lair of Beasts
 15421 | Lair:1   | Offered knowledge of Starburst by Vehumet.
 15426 | Lair:1   | Reached skill level 11 in Fire Magic
 15442 | Lair:1   | Learned a level 6 spell: Starburst
 15449 | Lair:1   | Found a gate leading to a gauntlet.
 15450 | Lair:1   | Noticed Erica
 15483 | Gauntlet | Entered a Gauntlet
 15483 | Gauntlet | Found a large runed translucent door.
 15483 | Gauntlet | Found a large runed translucent door.
 15483 | Gauntlet | Found a large runed translucent door.
 15483 | Gauntlet | Found a large runed translucent door.
 15483 | Gauntlet | Found a large runed translucent door.
 15483 | Gauntlet | Found a large runed translucent door.
 15483 | Gauntlet | Found a large runed translucent door.
 15483 | Gauntlet | Found a large runed translucent door.
 15483 | Gauntlet | Found a runed translucent door.
 15483 | Gauntlet | Found a runed translucent gate.
 15483 | Gauntlet | Found a transporter.
 15483 | Gauntlet | Found a transporter.
 15483 | Gauntlet | Found a runed translucent gate.
 15483 | Gauntlet | Found a transporter.
 15509 | Gauntlet | Found a transporter.
 15512 | Gauntlet | Found a transporter.
 15524 | Gauntlet | Found a transporter.
 15545 | Gauntlet | Found a transporter.
 15571 | Gauntlet | Found a transporter.
 15585 | Gauntlet | Found a transporter.
 15593 | Gauntlet | Found a transporter.
 15611 | Gauntlet | Found a transporter.
 15634 | Gauntlet | Found a runed translucent door.
 15635 | Gauntlet | Found a large runed translucent door.
 15635 | Gauntlet | Found a large runed translucent door.
 15635 | Gauntlet | Found a large runed translucent door.
 15635 | Gauntlet | Found a large runed translucent door.
 15636 | Gauntlet | Found a large runed translucent door.
 15636 | Gauntlet | Found a large runed translucent door.
 15637 | Gauntlet | Found a large runed translucent door.
 15637 | Gauntlet | Found a large runed translucent door.
 15646 | Gauntlet | Found a runed translucent gate.
 15666 | Gauntlet | Found a transporter.
 15896 | Gauntlet | Identified the amulet of Fiazismy {RegenMP rPois}
 15924 | Gauntlet | Identified the +3 flail of Forghiac {vorpal, rCorr Int+5}
 15924 | Gauntlet | Noticed a minotaur
 15932 | Gauntlet | Identified the +2 pearl dragon scales of Perfidy {rF+ rN+}
 15935 | Gauntlet | Identified the +0 ring mail "Nykep" {rPois}
 15936 | Gauntlet | Got the Secrets of Transmigration
 15956 | Lair:1   | Killed Erica
 16214 | Lair:1   | Reached skill level 12 in Fire Magic
 16998 | Lair:2   | Identified the +6 chain mail "Oqohuk" {Harm Rampage rF++
                  | Dex-5}
 17122 | Lair:2   | Found a staircase to the Shoals.
 17222 | Lair:2   | Found a staircase to the Snake Pit.
 17834 | Lair:3   | Reached skill level 13 in Fire Magic
 18066 | Lair:3   | Offered knowledge of Fireball by Vehumet.
 18067 | Lair:3   | Reached XP level 14. HP: 88/94 MP: 21/24
 18473 | Lair:4   | Found a staircase to the Slime Pits.
 19113 | Lair:5   | Entered Level 5 of the Lair of Beasts
 19199 | Lair:5   | Reached skill level 5 in Armour
 19251 | Lair:5   | Reached skill level 10 in Conjurations
 19379 | Lair:5   | Reached skill level 14 in Fire Magic
 19922 | Lair:5   | Offered knowledge of Eringya's Noxious Bog by Vehumet.
 20649 | D:12     | Reached XP level 15. HP: 76/100 MP: 25/25
 20716 | D:12     | Reached skill level 10 in Armour
 20917 | D:12     | Reached skill level 15 in Fire Magic
 21712 | D:14     | Found Otucuckumn's Jewellery Shoppe.
 21721 | D:14     | Bought the ring of Qugyith {rPois rF+ rC+ Will+ Int+6} for
                  | 801 gold pieces
 22654 | D:15     | Entered Level 15 of the Dungeon
 23049 | D:15     | Found a staircase to the Depths.
 23071 | D:15     | Reached skill level 16 in Fire Magic
 23150 | D:15     | Slain by a vampire knight

Illustrated notes

Levels and vault maps discovered:
D:1:      dpeg_arrival_renting, layout_basic, serial_shops, shop,
          grunt_decor_cap, minmay_ruptured
D:2:      layout_basic, hellmonk_ecumenical_altar_pennies_from_heaven,
          serial_bayou_crossing
D:3:      layout_loops_ring, serial_co_window_serial, co_window_paths_b,
          co_window_paths_a, co_window_corner_a, co_window_paths_b,
          co_window_corner_a, co_window_cross_1, co_window_of_opportunity_a,
          co_window_unsneaky_path_b, co_window_corner_cb, co_window_corner_b,
          co_window_paths_d
D:4:      layout_loops_ring, grunt_temple_overflow_growth_and_decay,
          minmay_temple_entry_large_hall, grunt_ministairs_1, uniq_robin,
          uniq_crazy_yiuf_cottage, uniq_pikel
D:5:      layout_cave_pods, nicolae_ossuary_entry_catacombs, uniq_blork_the_orc
D:6:      lemuel_castle_with_subvaults [lemuel_castle_interior_carwin_3],
          layout_loops_corners, nicolae_gozag_seed_capital,
          mainiacjoe_overflow_small_starburst, chequers_decorated_corner,
          kennysheep_generic_room_3, uniq_edmund, uniq_duvessa
D:7:      layout_cave_pools
D:8:      layout_cave_pools, nicolae_overflow_squiral, marbit_many_paths
D:9:      layout_basic, lair_entry_dummy, orc_0_dummy, serial_shops,
          nicolae_shop_stone, minmay_mirror_moons_of_madness
D:10:     layout_basic, mainiacjoe_overflow_chevrons, lemuel_flamethrower_1,
          uniq_lodul
D:11:     minmay_thick_lines, layout_irregular_city, nzn_ghost_randoct,
          minmay_misc_feat_x
D:12:     layout_basic
D:13:     layout_basic, david_vaults_1
D:14:     layout_loops_ring, serial_rivers, chequers_serial_rivers_micro_c,
          chequers_serial_rivers_micro_b, chequers_serial_rivers_large_a,
          chequers_serial_rivers_small_b, serial_shops, nicolae_shop_trees
D:15:     hangedman_depths_entry_try_elsewhere_first, layout_basic,
          nzn_hepliaklqana_mist_gate, minmay_radiant
Temple:   nicolae_temple_superstar
Lair:1:   layout_regular_city, gauntlet_entry_generic,
          infiniplex_staircase_pool_2, uniq_erica
Lair:2:   layout_chaotic_city, minmay_shoals_entry_beasts, dummy_snake_entry,
          nicolae_quartered_pool_super
Lair:3:   layout_loops_ring, special_room [special_room_bee],
          hibernation_bobbens, lemuel_fruit_fields
Lair:4:   layout_roguey, minmay_slime_entry_pillars
Lair:5:   evilmike_catoblepas_cave, layout_loops_ring, lemuel_fruit_fields,
          serial_bayou_shore_b

Skill      XL: |  1  2  3  4  5  6  7  8  9 10 11 12 13 14 15 |
---------------+----------------------------------------------+-----
Ice Magic      | 4 |  4.8
Fighting       | 1 2 3 4 5 7 9 11 12 13 14 | 14.6
Summonings     | 1 |  1.0
Dodging        | 3 4 6 8 10 11 12 | 12.0
Spellcasting   | 3 4 5 6 |  6.5
Conjurations   | 4 5 7 9 10 | 10.9
Shields        | 5 |  5.0
Fire Magic     | 1 7 10 13 14 16 | 16.1
Armour         | 1 9 13 | 13.4
Stealth        | |  2.0

Action                   |  1- 3 |  4- 6 |  7- 9 | 10-12 | 13-15 || total
-------------------------+-------+-------+-------+-------+-------++-------
Melee: Whip              |    18 |    54 |   220 |    68 |       ||   360
       Kick              |     6 |    27 |    80 |   143 |   248 ||   504
       Peck              |     2 |     9 |    57 |    95 |   156 ||   319
       Punch             |       |     1 |     2 |       |       ||     3
       Spear             |       |       |       |   315 |   573 ||   888
 Cast: Freeze            |    37 |     9 |    14 |       |     1 ||    61
       Frozen Ramparts   |     5 |     8 |    30 |    68 |    32 ||   143
       Ozocubu's Armour  |       |     4 |    30 |    50 |    18 ||   102
       Sticky Flame      |       |       |       |    41 |    22 ||    63
       Starburst         |       |       |       |       |   137 ||   137
Evoke: Wand              |       |       |       |     7 |       ||     7
  Use: Scroll            |       |     4 |     3 |    12 |    14 ||    33
       Potion            |       |     2 |       |     4 |     1 ||     7
 Stab: Sleeping          |     1 |     2 |     3 |     6 |     3 ||    15
       Distracted        |       |       |     1 |       |       ||     1
       Invisible         |       |       |       |     2 |       ||     2
Armor: Robe              |    10 |    14 |    36 |    19 |       ||    79
       Leather armour    |       |       |       |    29 |       ||    29
       Troll leather arm |       |       |       |    34 |   139 ||   173
Dodge: Dodged            |    23 |    53 |   186 |   384 |   573 ||  1219
Block: Buckler           |       |       |       |   151 |   252 ||   403

Table legend: (Time is in decaauts)
 A = Elapsed time spent in this place.
 B = Non-inter-level travel time spent in this place.
 C = Inter-level travel time spent in this place.
 D = Time resting spent in this place.
 E = Time spent auto-exploring this place.
 F = Levels seen in this place.
 G = Mean time per level.
                   A        B        C        D        E       F      G
               +--------+--------+--------+--------+--------+-----+--------+
         Total |  22111 |  20926 |   1185 |    815 |  15437 |  23 |  961.3 |
       Dungeon |  16834 |  16027 |    807 |    790 |  11914 |  15 | 1122.3 |
        Temple |    135 |    104 |     31 |      0 |     90 |   1 |  135.0 |
          Lair |   4438 |   4092 |    346 |     22 |   3039 |   5 |  887.6 |
       Ossuary |    276 |    276 |      0 |      0 |    145 |   1 |  276.0 |
      Gauntlet |    427 |    427 |      0 |      3 |    247 |   1 |  427.0 |
               +--------+--------+--------+--------+--------+-----+--------+

Top non-repeatable levels by time:
     D:6: 2927 daAuts
     D:5: 2043 daAuts
    D:10: 1372 daAuts
  Lair:5: 1281 daAuts
     D:1: 1073 daAuts
    D:14: 1058 daAuts
     D:8: 1002 daAuts
    D:13: 1002 daAuts
    D:11: 999 daAuts
     D:9: 994 daAuts
  Lair:3: 983 daAuts
     D:3: 961 daAuts
     D:2: 855 daAuts
     D:4: 828 daAuts
  Lair:1: 751 daAuts
